Workbook

Sheet CONSOLIDADO
D3: ALCALDIA LOCAL DE USAQUÉN
D5: ESTUDIO DE MERCADO PROCESO No. FDLUSA-SASI- 002 - 2026.
D7: LISTADO ELEMENTOS A ENTREGAR CENTRO CRECER SDIS-2026
B9: Ítem | C9: NOMBRE ELEMENTO | D9: Especificaciones Técnicas | E9: UNIDAD | F9: Cantidad | G9: VALOR PROMEDIO UNIDAD | H9: VALOR TOTAL
B10: 1 | C10: SILLAS DE RUEDAS ESTÁNDAR | D10: Silla de ruedas, desmontable plegable, estructura en acero cromada ó pintura electrostática, braceros y pieceros desmontables, cruceta simple, rin radial, ruedas traseras de 24" macizas ó inflables, ruedas delanteras de 8" macizas, freno de mano, asiento y respaldo en cordobán o lona, ancho asiento aproximado de 46cm, peso silla de 22kg, resiste peso máximo de 100 kg.sus rines con frenos y llantas en poliuretano garantizan estabilidad y un desplazamiento seguro | E10: UND | F10: 2 | G10: ='ESTUDIO DE MERCADO'!M11 -> 1459519.1 | H10: =G10*F10 -> 2919038.3
B11: 2 | C11: CUCHARA ERGONOMICA FUNCIONAL | D11: Utensilio adaptado para pcd discapacidad, flexible bilateral (ángulo ajustable). funcional: cuchara adaptada diseñada para mejorar la independencia a la hora de comer de las personas con movilidad reducida en brazos o muñecas. su diseño debe garantizar el agarre firme y permite comer sin esfuerzos ni riesgos de derramar la comida, incluso a aquellas personas que sufren de temblores o tienen un agarre débil. diseño: su diseño y flexibilidad debe permitir doblar la cuchara hasta 90º ajustándola hasta el ángulo deseado por el usuario. la cuchara debe adaptarse a las necesidades individuales del usuario. peso ligeropara manejo de personas con poca fuerza o movimiento reducido. apta tanto para diestros como para zurdos. mango ancho y suave desde 15 cms que se adapta a la mano del usuario y le permite sostener el cubierto firmemente sin realizar ningún esfuerzo. material antideslizante. cuchara ortopédica, fabricada en acero inoxidable y mango de abs y tpr, es resistente y duradera y se puede lavar en el lavavajillas. recomendado para: personas con movilidad reducida, deficiencia neurológica, fractura de muñecas, problemas motrices y enfermedades articulares o nerviosas como parkinson o artritis. (especificar que sean diestras y surdas) nota: las cucharas deberán ser diestras y zurdas y las cantidades de cada uno se acordarán mediante comité técnico de acuerdo con las necesidades del centro crecer. | E11: UND | F11: 49 | G11: ='ESTUDIO DE MERCADO'!M12 -> 114838.97 | H11: =G11*F11 -> 5627109.4
B12: 3 | C12: CORREA SOPORTE UNIVERSAL UTENSILIOS DISCAPACIDAD ADULTO MAYOR TERAPIA OCUPACIONAL, PARKINSON, ARTRITIS, CEREBROVASCULAR, AYUDA PARA COMER | D12: sammons preston correa de soporte universal para ancianos, puño de mano con bolsillo para sostener cubiertos, bolígrafos, cepillos de dientes y herramientas de vida diaria, soporte ajustable de velcromaterial: cincha oxford. tamaño: 3.14 x 0.98 pulgadas (largo x ancho). puños con bolsillo para utensilios alrededor de la mano para sujetar de forma segura utensilios, ayudas de aseo e instrumentos de escritura con varios tamaños y formas de mango para mayor versatilidad talla única que se adapta a todos los soportes de utensilios. la correa mide 1 1/4 pulgadas de profundidad x 4 1/4 pulgadas de largo hecho de espuma cilíndrica acolchada para un uso cómodo y prolongado y uso en actividades diarias comunes el anillo en d y la correa de velcro permiten poner y quitar independientemente con funcionalidad fácil de poner y quitar la correa elástica se puede estirar para adaptarse a manos de todos los tamaños y cuenta con un bolsillo universal que se adapta a objetos manipulados control de alimentación mejorado: el diseño ajustable garantiza que el soporte se adapte perfectamente a diversas dimensiones de mano, ofreciendo asistencia alimentaria confiable con un agarre firme y estable de los utensilios versatilidad diaria: el soporte adaptativo para utensilios ayuda en actividades de escritura y apoya en tareas de aseo, fomentando la autosuficiencia mediante usos versátiles para diversas necesidades cotidianas con confiabilidad y practicidad fácil de usar: este soporte universal para cubiertos simplifica tareas diarias con diseño ergonómico, de correa ajustable para colocación rápida y segura de la mano, material reutilizable lavable y pasos intuitivos que garantizan uso sin esfuerzo y confiable en actividades cotidianas solución adaptativa para dining: los elementos de diseño centrados en el humano mejoran la vida diaria, minimizan la dependencia y refuerzan la confianza para personas que utilizan cubiertos adaptativos, asegurando practicidad en cada comida. mobilidad práctica: solución portátil con diseño travel-friendly que simplifica el almacenamiento en bolsos y ofrece limpieza rápida sin peso adicional, optimizado para transporte diario | E12: UND | F12: 49 | G12: ='ESTUDIO DE MERCADO'!M13 -> 382142.72 | H12: =G12*F12 -> 18724993
B13: 4 | C13: PLATOS CON BORDES | D13: platos con bordes desede 18 cms de diámetro con bordes de 2 cms en adelante para evitar derrames y sirve de barrera para llenar de la comida a la cuchara, diversos colores y diseños, en acero inoxidable, policarbonato o melanina de buena calidad | E13: UND | F13: 49 | G13: ='ESTUDIO DE MERCADO'!M14 -> 54060.907 | H13: =G13*F13 -> 2648984.4
B14: 5 | C14: BABEROS | D14: fabricado con silicona de alta calidad y libre de bpa, este babero ofrece una experiencia suave y ligera, asegurando máxima comodidad durante su uso. diseño de agarre al cuello por ojales y botones ajustables. pueden ser con recoge comidas o sencillos. la limpieza es muy sencilla, ya que puedes enjuagarlo fácilmente en el fregadero, lavavajillas o lavadero, protegiendo la ropa de manchas y desastres. los tamaños podrñan varias y serán aprobados por el comiité técnico de acuerdo con las edades de los beneficiarios del centro crecer. | E14: UND | F14: 49 | G14: ='ESTUDIO DE MERCADO'!M15 -> 71578.917 | H14: =G14*F14 -> 3507366.9
B15: 6 | C15: ASIENTOS ELEVADOS PARA SANITARIOS (CON ACCESORIOS REMOVIBLES) | D15: elevador de sanitario de 4 pulgadas blanco ajustable, funcional que facilita a la persona con alguna limitación física o de movilidad sentarse sin necesidad de realizar algún esfuerzo. adaptable a los diferentes tipos de sanitario. | E15: UND | F15: 1 | G15: ='ESTUDIO DE MERCADO'!M16 -> 716579.13 | H15: =G15*F15 -> 716579.13
B16: 7 | C16: TABLERO MAGNETICO CON TARJETAS DE ESPACIO Y LATERALIDAD | D16: tablero magnético que se acompaña de 16 tarjetas, cada una de ellas con una serie de instrucciones que indican la posición en la que deben ser ubicadas las figuras. al respaldo de cada tarjeta se ilustra la solución. estas instrucciones involucran nociones espaciales, lateralidad, orden alfabético y coordenadas, inclusión, exclusión, categorización, reversibilidad y memoria de trabajo. áreas relacionadas: desarrollo cognitivo, funciones ejecutivas, lectura y escritura. material imantables, colores vivos. | E16: UND | F16: 10 | G16: ='ESTUDIO DE MERCADO'!M17 -> 113397.06 | H16: =G16*F16 -> 1133970.6
B17: 8 | C17: COLCHONETAS ANTIESCARAS SENCILLAS | D17: colchoneta antiescaras de largo x 190cm ancho 1 m, peso máximo soportado 120 kg, potencia de la bomba de aire30 w, densidad 30 kg/m³, duración del ciclo 10 m materiales pvc. colores variados | E17: UND | F17: 10 | G17: ='ESTUDIO DE MERCADO'!M18 -> 916994.17 | H17: =G17*F17 -> 9169941.7
B18: 9 | C18: COJINES DE POSICIONAMIENTO CORPORAL | D18: cojines de posicionamiento corporal son herramientas esenciales para prevenir lesiones y mejorar la salud postural. ayudan a mantener una postura adecuada, mejorando la circulación y evitando la aparición de úlceras por presión. colores variados (recomendacion antiescara de inflar de goma peso hasta 120 kg. material: espuma de alta densidad / aire tipo celdas (dependiendo del modelo). cubierta con funda lavable e hipoalergénica. medidas estándar adaptables a la mayoría de las sillas de ruedas. portátil y fácil de transportar. | E18: UND | F18: 10 | G18: ='ESTUDIO DE MERCADO'!M19 -> 100805.69 | H18: =G18*F18 -> 1008056.9
B19: 10 | C19: PINZAS DE AGARRE MANUAL (ALCANZADORES) | D19: elemento de motricidad fina para incentivar la pinza fina y el proceso de dibujo y trazos, elaborado en caucho pvc resistente. tallas small y medium. tipo: pinza alcanzadora manual. longitud: 70 – 90 cm sistema de accionamiento: gatillo manual apertura de la garra: aprox. 8–10 cm diseño: ergonómico y ligero tubo o brazo- aluminio o aleación de aluminio mango o empuñadura. plástico pp (polipropileno). abs (plástico resistente) recubrimiento de goma o tpr antideslizante para mejor agarre garra o pinza de agarre plástico abs o nylon revestimiento de goma o caucho | E19: UND | F19: 5 | G19: ='ESTUDIO DE MERCADO'!M20 -> 46875.29 | H19: =G19*F19 -> 234376.45
B20: 11 | C20: TIJERA DOBLE MATU | D20: elemento de motricidad fina para aprestamiento en el proceso de corte y uso de tijeras con doble orificio, elaborado en plastico y metal. | E20: UND | F20: 15 | G20: ='ESTUDIO DE MERCADO'!M21 -> 98251.16 | H20: =G20*F20 -> 1473767.4
B21: 12 | C21: DEDITOS PRECISOS | D21: elemento de precisión, coordinación y atención. mesa elaborada en madera de pino con rodachinas para fácil desplazamiento y pata en acrílico transparente. en su interior contiene 30 esferas de colores variados que se pueden encajar en los orificios inferiores de la mesa. cuenta con dos tableros guias de ejercicios. | E21: UND | F21: 1 | G21: ='ESTUDIO DE MERCADO'!M22 -> 1058628 | H21: =G21*F21 -> 1058628
... B50: 41 | C50: CUADRO CON ESPEJOS REDONDOS DE EFECTOS VISUALES | D50: cuadro con espejos redondos de efectos visuales | E50: UND | F50: 1 | G50: ='ESTUDIO DE MERCADO'!M51 -> 281524.25 | H50: =G50*F50 -> 281524.25
B51: TOTAL ELEMENTOS DOTACIÓN 2026 | F51: =SUM(F10:F50) -> 392 | G51: =SUM(G10:G50) -> 42256374 | H51: =SUM(H10:H50) -> 1.3000676e+08

Sheet ESTUDIO DE MERCADO
D2: ALCALDIA LOCAL DE USAQUÉN
D4: ESTUDIO DE MERCADO PROCESO FDLUSA-SASI-XXX-2026
D7: LISTADO ELEMENTOS A ENTREGAR JARDINES INFANTILES SDIS-2026
G9: COTIZACIÓN 1 YESSICA ANDREA AHUMADA BERMUDEZ-1024538928-8 | I9: COTIZACION 2 COMERCIALIZADORA E&T SAS - 901.142.692-4 | K9: COTIZACIÓN 5 MASTER SHARK CAZADORES DE SUEÑOS - 901.607.987 - 9 | M9: PROMEDIO O MEDIA ARITMETICA | N9: DESVIACION ESTANDAR | O9: COEFICIENTE DE VARIACION (CV)
B10: Ítem | C10: NOMBRE ELEMENTO | D10: Especificaciones Técnicas | E10: Cantidad | F10: UNIDAD | G10: Valor unitarios Sin IVA | H10: Valor unitarios Con IVA | I10: Valor unitarios Sin IVA | J10: Valor unitarios Con IVA | K10: Valor unitarios Sin IVA | L10: Valor unitarios Con IVA
B11: 1 | C11: SILLAS DE RUEDAS ESTÁNDAR | D11: silla de ruedas, desmontable plegable, estructura en acero cromada ó pintura electrostática, braceros y pieceros desmontables, cruceta simple, rin radial, ruedas traseras de 24" macizas ó inflables, ruedas delanteras de 8" macizas, freno de mano, asiento y respaldo en cordobán o lona, ancho asiento aproximado de 46cm, peso silla de 22kg, resiste peso máximo de 100 kg.sus rines con frenos y llantas en poliuretano garantizan estabilidad y un desplazamiento seguro | E11: 1 | F11: UND | G11: 1217000 | H11: =G11*19%+G11 -> 1448230 | I11: 1261260 | J11: =I11*19%+I11 -> 1500899.4 | K11: 1201200 | L11: =K11*19%+K11 -> 1429428 | M11: =AVERAGE(H11,J11,L11) -> 1459519.1 | N11: =_xlfn.STDEV.P(H11,J11,L11) -> 30250.33 | O11: =(N11/M11) -> 0.02072623
B12: 2 | C12: CUCHARA ERGONOMICA FUNCIONAL | D12: utelsilio adaptado para pcd discapacidad, flexible bilateral (ángulo ajustable). funcional: cuchara adaptada diseñada para mejorar la independencia a la hora de comer de las personas con movilidad reducida en brazos o muñecas. su diseño debe garantizar el agarre firme y permite comer sin esfuerzos ni riesgos de derramar la comida, incluso a aquellas personas que sufren de temblores o tienen un agarre débil. diseño: su diseño y flexibilidad debe permitir doblar la cuchara hasta 90º ajustándola hasta el ángulo deseado por el usuario. la cuchara debe adaptarse a las necesidades individuales del usuario. peso ligeropara manejo de personas con poca fuerza o movimiento reducido. apta tanto para diestros como para zurdos. mango ancho y suave desde 15 cms que se adapta a la mano del usuario y le permite sostener el cubierto firmemente sin realizar ningún esfuerzo. material antideslizante. cuchara ortopédica, fabricada en acero inoxidable y mango de abs y tpr, es resistente y duradera y se puede lavar en el lavavajillas. recomendado para: personas con movilidad reducida, deficiencia neurológica, fractura de muñecas, problemas motrices y enfermedades articulares o nerviosas como parkinson o artritis. (especificar que sean diestras y surdas) nota: las cucharas deberán ser diestras y zurdas y las cantidades de cada uno se acordarán mediante comité técnico de acuerdo con las necesidades del centro crecer. | E12: 25 | F12: UND | G12: 105010 | H12: =G12*19%+G12 -> 124961.9 | I12: 94500 | J12: =I12*19%+I12 -> 112455 | K12: 90000 | L12: =K12*19%+K12 -> 107100 | M12: =AVERAGE(H12,J12,L12) -> 114838.97 | N12: =_xlfn.STDEV.P(H12,J12,L12) -> 7484.3989 | O12: =(N12/M12) -> 0.065172991
B13: 3 | C13: CORREA SOPORTE UNIVERSAL UTENSILIOS DISCAPACIDAD ADULTO MAYOR TERAPIA OCUPACIONAL, PARKINSON, ARTRITIS, CEREBROVASCULAR, AYUDA PARA COMER | D13: sammons preston correa de soporte universal para ancianos, puño de mano con bolsillo para sostener cubiertos, bolígrafos, cepillos de dientes y herramientas de vida diaria, soporte ajustable de velcromaterial: cincha oxford. tamaño: 3.14 x 0.98 pulgadas (largo x ancho). puños con bolsillo para utensilios alrededor de la mano para sujetar de forma segura utensilios, ayudas de aseo e instrumentos de escritura con varios tamaños y formas de mango para mayor versatilidad talla única que se adapta a todos los soportes de utensilios. la correa mide 1 1/4 pulgadas de profundidad x 4 1/4 pulgadas de largo hecho de espuma cilíndrica acolchada para un uso cómodo y prolongado y uso en actividades diarias comunes el anillo en d y la correa de velcro permiten poner y quitar independientemente con funcionalidad fácil de poner y quitar la correa elástica se puede estirar para adaptarse a manos de todos los tamaños y cuenta con un bolsillo universal que se adapta a objetos manipulados control de alimentación mejorado: el diseño ajustable garantiza que el soporte se adapte perfectamente a diversas dimensiones de mano, ofreciendo asistencia alimentaria confiable con un agarre firme y estable de los utensilios versatilidad diaria: el soporte adaptativo para utensilios ayuda en actividades de escritura y apoya en tareas de aseo, fomentando la autosuficiencia mediante usos versátiles para diversas necesidades cotidianas con confiabilidad y practicidad fácil de usar: este soporte universal para cubiertos simplifica tareas diarias con diseño ergonómico, de correa ajustable para colocación rápida y segura de la mano, material reutilizable lavable y pasos intuitivos que garantizan uso sin esfuerzo y confiable en actividades cotidianas solución adaptativa para dining: los elementos de diseño centrados en el humano mejoran la vida diaria, minimizan la dependencia y refuerzan la confianza para personas que utilizan cubiertos adaptativos, asegurando practicidad en cada comida. mobilidad práctica: solución portátil con diseño travel-friendly que simplifica el almacenamiento en bolsos y ofrece limpieza rápida sin peso adicional, optimizado para transporte diario | E13: 25 | F13: UND | G13: 332600 | H13: =G13*19%+G13 -> 395794 | I13: 323085 | J13: =I13*19%+I13 -> 384471.15 | K13: 307700 | L13: =K13*19%+K13 -> 366163 | M13: =AVERAGE(H13,J13,L13) -> 382142.72 | N13: =_xlfn.STDEV.P(H13,J13,L13) -> 12208.337 | O13: =(N13/M13) -> 0.031947062
B14: 4 | C14: PLATOS CON BORDES | D14: platos con bordes desede 18 cms de diámetro con bordes de 2 cms en adelante para evitar derrames y sirve de barrera para llenar de la comida a la cuchara, diversos colores y diseños, en acero inoxidable, policarbonato o melanina de buena calidad | E14: 24 | F14: UND | G14: 52320 | H14: =G14*19%+G14 -> 62260.8 | I14: 43008 | J14: =I14*19%+I14 -> 51179.52 | K14: 40960 | L14: =K14*19%+K14 -> 48742.4 | M14: =AVERAGE(H14,J14,L14) -> 54060.907 | N14: =_xlfn.STDEV.P(H14,J14,L14) -> 5882.9458 | O14: =(N14/M14) -> 0.1088207
B15: 5 | C15: BABEROS | D15: fabricado con silicona de alta calidad y libre de bpa, este babero ofrece una experiencia suave y ligera, asegurando máxima comodidad durante su uso. diseño de agarre al cuello por ojales y botones ajustables. pueden ser con recoge comidas o sencillos. la limpieza es muy sencilla, ya que puedes enjuagarlo fácilmente en el fregadero, lavavajillas o lavadero, protegiendo la ropa de manchas y desastres. los tamaños podrñan varias y serán aprobados por el comiité técnico de acuerdo con las edades de los beneficiarios del centro crecer. | E15: 26 | F15: UND | G15: 73400 | H15: =G15*19%+G15 -> 87346 | I15: 54831 | J15: =I15*19%+I15 -> 65248.89 | K15: 52220.05 | L15: =K15*19%+K15 -> 62141.86 | M15: =AVERAGE(H15,J15,L15) -> 71578.917 | N15: =_xlfn.STDEV.P(H15,J15,L15) -> 11220.936 | O15: =(N15/M15) -> 0.15676314
B16: 6 | C16: ASIENTOS ELEVADOS PARA SANITARIOS (CON ACCESORIOS REMOVIBLES) | D16: elevador de sanitario de 4 pulgadas blanco ajustable, funcional que facilita a la persona con alguna limitación física o de movilidad sentarse sin necesidad de realizar algún esfuerzo. adaptable a los diferentes tipos de sanitario. | E16: 1 | F16: UND | G16: 575600 | H16: =G16*19%+G16 -> 684964 | I16: 630462 | J16: =I16*19%+I16 -> 750249.78 | K16: 600440 | L16: =K16*19%+K16 -> 714523.6 | M16: =AVERAGE(H16,J16,L16) -> 716579.13 | N16: =_xlfn.STDEV.P(H16,J16,L16) -> 26692.41 | O16: =(N16/M16) -> 0.037249774
B17: 7 | C17: TABLERO MAGNETICO CON TARJETAS DE ESPACIO Y LATERALIDAD | D17: tablero magnético que se acompaña de 16 tarjetas, cada una de ellas con una serie de instrucciones que indican la posición en la que deben ser ubicadas las figuras. al respaldo de cada tarjeta se ilustra la solución. estas instrucciones involucran nociones espaciales, lateralidad, orden alfabético y coordenadas, inclusión, exclusión, categorización, reversibilidad y memoria de trabajo. áreas relacionadas: desarrollo cognitivo, funciones ejecutivas, lectura y escritura. material imantables, colores vivos. | E17: 7 | F17: UND | G17: 100680 | H17: =G17*19%+G17 -> 119809.2 | I17: 94855.95 | J17: =I17*19%+I17 -> 112878.58 | K17: 90339 | L17: =K17*19%+K17 -> 107503.41 | M17: =AVERAGE(H17,J17,L17) -> 113397.06 | N17: =_xlfn.STDEV.P(H17,J17,L17) -> 5037.1775 | O17: =(N17/M17) -> 0.044420705
B18: 8 | C18: COLCHONETAS ANTIESCARAS SENCILLAS | D18: colchoneta antiescaras de largo x 190cm ancho 1 m, peso máximo soportado 120 kg, potencia de la bomba de aire30 w, densidad 30 kg/m³, duración del ciclo 10 m materiales pvc. colores variados | E18: 7 | F18: UND | G18: 768920 | H18: =G18*19%+G18 -> 915014.8 | I18: 790230 | J18: =I18*19%+I18 -> 940373.7 | K18: 752600 | L18: =K18*19%+K18 -> 895594 | M18: =AVERAGE(H18,J18,L18) -> 916994.17 | N18: =_xlfn.STDEV.P(H18,J18,L18) -> 18334.736 | O18: =(N18/M18) -> 0.019994386
B19: 9 | C19: COJINES DE POSICIONAMIENTO CORPORAL | D19: cojines de posicionamiento corporal son herramientas esenciales para prevenir lesiones y mejorar la salud postural. ayudan a mantener una postura adecuada, mejorando la circulación y evitando la aparición de úlceras por presión. colores variados (recomendacion antiescara de inflar de goma peso hasta 120 kg. material: espuma de alta densidad / aire tipo celdas (dependiendo del modelo). cubierta con funda lavable e hipoalergénica. medidas estándar adaptables a la mayoría de las sillas de ruedas. portátil y fácil de transportar. | E19: 5 | F19: UND | G19: 90050 | H19: =G19*19%+G19 -> 107159.5 | I19: 84042 | J19: =I19*19%+I19 -> 100009.98 | K19: 80040 | L19: =K19*19%+K19 -> 95247.6 | M19: =AVERAGE(H19,J19,L19) -> 100805.69 | N19: =_xlfn.STDEV.P(H19,J19,L19) -> 4895.4544 | O19: =(N19/M19) -> 0.048563273
B20: 10 | C20: PINZAS DE AGARRE MANUAL (ALCANZADORES) | D20: elemento de motricidad fina para incentivar la pinza fina y el proceso de dibujo y trazos, elaborado en caucho pvc resistente. tallas small y medium. tipo: pinza alcanzadora manual. longitud: 70 – 90 cm sistema de accionamiento: gatillo manual apertura de la garra: aprox. 8–10 cm diseño: ergonómico y ligero tubo o brazo- aluminio o aleación de aluminio mango o empuñadura. plástico pp (polipropileno). abs (plástico resistente) recubrimiento de goma o tpr antideslizante para mejor agarre garra o pinza de agarre plástico abs o nylon revestimiento de goma o caucho | E20: 16 | F20: UND | G20: 46300 | H20: =G20*19%+G20 -> 55097 | I20: 36813 | J20: =I20*19%+I20 -> 43807.47 | K20: 35060 | L20: =K20*19%+K20 -> 41721.4 | M20: =AVERAGE(H20,J20,L20) -> 46875.29 | N20: =_xlfn.STDEV.P(H20,J20,L20) -> 5875.6735 | O20: =(N20/M20) -> 0.12534693
B21: 11 | C21: TIJERA DOBLE MATU | D21: elemento de motricidad fina para aprestamiento en el proceso de corte y uso de tijeras con doble orificio, elaborado en plastico y metal. | E21: 6 | F21: UND | G21: 91400 | H21: =G21*19%+G21 -> 108766 | I21: 80052 | J21: =I21*19%+I21 -> 95261.88 | K21: 76240 | L21: =K21*19%+K21 -> 90725.6 | M21: =AVERAGE(H21,J21,L21) -> 98251.16 | N21: =_xlfn.STDEV.P(H21,J21,L21) -> 7662.2823 | O21: =(N21/M21) -> 0.077986685
B22: 12 | C22: DEDITOS PRECISOS | D22: elemento de precisión, coordinación y atención. mesa elaborada en madera de pino con rodachinas para fácil desplazamiento y pata en acrílico transparente. en su interior contiene 30 esferas de colores variados que se pueden encajar en los orificios inferiores de la mesa. cuenta con dos tableros guias de ejercicios. | E22: 1 | F22: UND | G22: 889000 | H22: =G22*19%+G22 -> 1057910 | I22: 911610 | J22: =I22*19%+I22 -> 1084815.9 | K22: 868200 | L22: =K22*19%+K22 -> 1033158 | M22: =AVERAGE(H22,J22,L22) -> 1058628 | N22: =_xlfn.STDEV.P(H22,J22,L22) -> 21095.359 | O22: =(N22/M22) -> 0.019927075
... B51: 41 | C51: CUADRO CON ESPEJOS REDONDOS DE EFECTOS VISUALES | D51: cuadro con espejos redondos de efectos visuales | E51: 1 | F51: UND | G51: 220800 | H51: =G51*19%+G51 -> 262752 | I51: 250425 | J51: =I51*19%+I51 -> 298005.75 | K51: 238500 | L51: =K51*19%+K51 -> 283815 | M51: =AVERAGE(H51,J51,L51) -> 281524.25 | N51: =_xlfn.STDEV.P(H51,J51,L51) -> 14483.148 | O51: =(N51/M51) -> 0.051445473
H52: =SUM(H11:H51) -> 43234747 | J52: =SUM(J11:J51) -> 42878777 | L52: =SUM(L11:L51) -> 40655598 | M52: =SUM(M11:M51) -> 42256374
